 Dungeon Crawl Stone Soup version 0.18.1-48-g4cf74bf (webtiles) character file.

437 Eukament the Chopper (level 6, -6/72 HPs)
             Began as a Demonspawn Gladiator on Aug 12, 2016.
             Mangled by an orc warrior
             ... wielding a +0 halberd
              (8 damage)
             ... on level 5 of the Dungeon.
             The game lasted 00:16:21 (3258 turns).

Eukament the Chopper (Demonspawn Gladiator)         Turns: 3258, Time: 00:16:22

Health: -6/72      AC: 23    Str: 23      XL:     6   Next: 69%
Magic:  5/5        EV:  2    Int: 13      God:
Gold:   106        SH:  0    Dex: 12 (13) Spells: 0 memorised, 5 levels left

rFire  . . .     SeeInvis .     a - +0 war axe
rCold  . . .     Gourm    +     (armour currently unavailable)
rNeg   + + +     Faith    .     (no shield)
rPois  +         Spirit   .     (helmet unavailable)
rElec  .         Dismiss  .     (cloak currently unavailable)
rCorr  .         Reflect  .     (gloves currently unavailable)
SustAt .         Harm     .     (boots currently unavailable)
MR     .....     NoTele   +     r - amulet of the gourmand
Stlth  ++........               (no ring)
                                i - ring of poison resistance

@: mighty, tree-form (expiring), not resistant to hostile enchantments,
unstealthy
A: (antennae 0), (hooves 0), (thin metallic scales 0), clever 2, (deformed
body), low mp 1, powered by pain 1, screaming 1, evolution 1
a: no special abilities


You were on level 5 of the Dungeon.
You were not hungry.
You were a tree.
You visited 1 branch of the dungeon, and saw 4 of its levels.

You collected 106 gold pieces.

Inventory:

Hand Weapons
 a - a +0 war axe (weapon)
Armour
 q - a +0 plate armour (melded)
Jewellery
 i - a ring of poison resistance (left branch)
 r - an amulet of the gourmand (around neck)
Wands
 d - a wand of flame (41/48)
 u - a wand of slowing (26/48)
Scrolls
 b - 4 scrolls of identify
 f - a scroll of remove curse
 h - a scroll of enchant weapon
 k - 3 scrolls of magic mapping
 t - 2 scrolls of recharging
Comestibles
 c - a bread ration


   Skills:
 + Level 3.7 Fighting
 + Level 4.5 Axes
 - Level 1.7 Throwing
 * Level 3.9 Armour
 - Level 2.6 Dodging
 - Level 0.6 Stealth


You had 5 spell levels left.
You didn't know any spells.

Dungeon Overview and Level Annotations

Branches:
Dungeon (3/15)

Altars:
Cheibriados
Ru

Annotations:
D:5 Eustachio


Innate Abilities, Weirdness & Mutations

((You have a pair of large antennae on your head (SInv).))
((You are partially covered in thin metallic scales (AC +2).))
You sometimes gain a little power by taking damage.
((You have large cloven feet.))
Your mind is very acute. (Int +4)
((Armour fits poorly on your strangely shaped body.))
Your magical capacity is low (-10% MP).
You occasionally shout uncontrollably at your foes.
You evolve.


Message History

The orc warrior hits you but does no damage.
The orc warrior hits you but does no damage.
The orc warrior hits you but does no damage.
The orc warrior hits you but does no damage.
The orc warrior hits you from afar with a halberd.
* * * LOW HITPOINT WARNING * * *
You feel a little less agile now.
The orc warrior hits you from afar with a halberd.
* * * LOW HITPOINT WARNING * * *
An orc priest comes into view. It is wielding a trident.
The orc warrior hits you but does no damage.
Your transformation is almost over.
The orc warrior hits you but does no damage.
The orc warrior hits you from afar with a halberd!
* * * LOW HITPOINT WARNING * * *
The orc warrior hits you from afar with a halberd.
* * * LOW HITPOINT WARNING * * *
The orc priest looks braver for a moment.
The orc warrior hits you from afar with a halberd!
You die...

{ # # ###########
# #.#..#.##.###
#### #.#..#...)[[#
...# #.#..#..#.#♣#
..[###.#..#..#.#)#
..oo.....o{....o.#
##.###.#..####o###
#.# #.#.{.....#
#.# #.#{#######
#.. ..#.# ##.
..#(# .#..§5.


You could see an orc warrior and an orc priest.

Vanquished Creatures
  Sigmund (D:2)
  An ogre (D:5)
  A hound (D:5)
  Jessica (D:2)
  Ijyb (D:2)
  An orc wizard (D:5)
  3 adders
  An ooze (D:2)
  3 worms (D:2)
  A dart slug (D:3)
  4 orcs
  9 bats
  6 giant cockroaches
  3 goblins
  4 hobgoblins
  3 jackals (D:2)
  2 giant newts
  4 kobolds
  5 rats
54 creatures vanquished.

Notes
Turn   | Place    | Note
--------------------------------------------------------------
     0 | D:1      | Eukament the Demonspawn Gladiator began the quest for the Orb.
     0 | D:1      | Reached XP level 1. HP: 16/16 MP: 1/1
    55 | D:1      | Reached skill level 3 in Axes
   226 | D:1      | Gained mutation: You have a pair of small antennae on your head. [demonic ancestry]
   226 | D:1      | Reached XP level 2. HP: 18/22 MP: 2/2
  1318 | D:2      | Noticed Jessica
  1341 | D:2      | Gained mutation: You are partially covered in thin metallic scales (AC +2). [demonic ancestry]
  1341 | D:2      | Reached XP level 3. HP: 14/27 MP: 3/3
  1349 | D:2      | Killed Jessica
  1349 | D:2      | Reached skill level 1 in Armour
  1727 | D:2      | Gained mutation: You sometimes gain a little power by taking damage. [demonic ancestry]
  1727 | D:2      | Reached XP level 4. HP: 25/34 MP: 4/4
  2041 | D:2      | Noticed Sigmund
  2052 | D:2      | Gained mutation: Your mind is acute. (Int +2) [potion of mutation]
  2052 | D:2      | Gained mutation: Armour fits poorly on your strangely shaped body. [potion of mutation]
  2052 | D:2      | Gained mutation: You occasionally shout uncontrollably at your foes. [potion of mutation]
  2084 | D:2      | Gained mutation: Your mind is very acute. (Int +4) [potion of mutation]
  2084 | D:2      | Gained mutation: Your magical capacity is low (-10% MP). [potion of mutation]
  2084 | D:2      | Gained mutation: You evolve. [potion of mutation]
  2099 | D:2      | HP: 1/34 [something (4)]
  2100 | D:2      | Killed Sigmund
  2100 | D:2      | Reached skill level 4 in Axes
  2100 | D:2      | Reached XP level 5. HP: 2/41 MP: 4/4
  2400 | D:2      | Gained mutation: You have large cloven feet. [potion of mutation]
  2400 | D:2      | Gained mutation: You have a pair of antennae on your head. [potion of mutation]
  2400 | D:2      | Gained mutation: You have a pair of large antennae on your head (SInv). [potion of mutation]
  2564 | D:2      | Noticed Ijyb
  2574 | D:2      | Killed Ijyb
  2574 | D:2      | Reached XP level 6. HP: 35/47 MP: 5/5
  2700 | D:3      | Found a snail-covered altar of Cheibriados.
  2940 | D:3      | You fall through a shaft for 2 floors!
  2940 | D:5      | Entered Level 5 of the Dungeon
  2940 | D:5      | Found a sacrificial altar of Ru.
  3166 | D:5      | Noticed an orc warrior
  3215 | D:5      | Noticed Eustachio
  3256 | D:5      | HP: 3/72 [orc warrior/halberd (7)]
  3258 | D:5      | Mangled by an orc warrior

Skill      XL: |  1  2  3  4  5 |
---------------+----------------+-----
Axes           | 3 4 |  4.5
Armour         | 1 2 3 |  3.9
Fighting       | 3 |  3.7
Throwing       | |  1.7
Dodging        | |  2.6
Stealth        | |  0.6

Action                   |  1- 3 |  4- 6 || total
-------------------------+-------+-------++-------
Melee: War axe           |    95 |   113 ||   208
       Kick              |       |    18 ||    18
  Use: Potion            |       |    12 ||    12
       Scroll            |       |    10 ||    10
  Eat: Bread ration      |     1 |     1 ||     2
       Beef jerky        |       |     1 ||     1
Armor: Leather armour    |    12 |       ||    12
       Plate armour      |    67 |   104 ||   171
       Skin              |       |    40 ||    40
Dodge: Dodged            |    64 |    47 ||   111
